Map: Ulrena

Players

LindyHop - Winner!

  • Race: Zerg Zerg
  • League: Gold

CpX

  • Race: Zerg Zerg
  • League: Silver

VOD

Have the link to the VOD?

Description

Time

  • Played on: Dec. 7, 2015, 8:24 p.m.
  • Length: 3:12
Show
View Real Time Build Order
Export as new Build Order

LindyHop Zerg - Winner!

Build Orders: Pool Only 

Get SALT Encoding   

  12  0:01  Drone  
  13  0:08  Drone  
  14  0:14  Extractor  
  13  0:29  Spawning Pool  
  12  0:39  Overlord  
  12  0:46  Drone  
  12  0:47  Drone  
  14  1:16  Metabolic Boost  
  14  1:17  Queen  
  16  1:20  Zergling x2  
  16  1:24  Zergling x2  
  18  1:35  Zergling x4  
  20  1:43  Zergling x2  
  21  2:00  Baneling Nest, Zergling x2  
  21  2:09  Zergling x2  
  21  2:14  Overlord  
  22  2:36  Zergling x8  
  26  2:47  Zergling x2  
Show
View Real Time Build Order
Export as new Build Order

CpX Zerg 

Build Orders: Hatch First 

Get SALT Encoding   

  12  0:23  Drone  
  12  0:24  Drone  
  14  0:31  Overlord  
  14  0:46  Hatchery  
  13  0:51  Drone  
  13  0:52  Drone  
  15  1:12  Spawning Pool  
  15  1:15  Drone  
  15  1:18  Drone  
  16  1:25  Overlord  
  16  1:28  Extractor  
  16  1:30  Drone  
  16  1:49  Drone  
  16  1:54  Drone  
  18  2:00  Queen  
  18  2:01  Queen  
  20  2:05  Drone  
  23  2:10  Drone  
  24  2:24  Roach Warren  
  24  2:28  Drone  
  24  2:29  Drone  
  25  2:31  Drone  
  25  2:34  Drone  
  27  2:55  Zergling x2  
Tags
 
Add a new tag
Caveats
  • Supply blocks, unpowered buildings, or Contaminate may cause inaccurate times.
  • Supply counts are checked every 10 seconds.